 Dungeon Crawl Stone Soup version 0.32-a0-411-g744942f433 (webtiles) character file.

Game seed: 13488612586122682371

711 pokeman the Thaumaturge (level 7, 0/40 HPs)
             Began as a Deep Elf Hedge Wizard on Feb 20, 2024.
             Slain by an elf skeleton (4 damage)
             ... on level 4 of the Dungeon.
             The game lasted 00:08:11 (3909 turns).

pokeman the Thaumaturge (Deep Elf Hedge Wizard)     Turns: 3909, Time: 00:08:12

Health: 0/40       AC:  4    Str:  7    XL:     7   Next: 40%
Magic:  4/20       EV: 13    Int: 21    God:
Gold:   163        SH:  0    Dex: 17    Spells: 14/22 levels left

rFire   . . .        q - +2 whip of Woe {venom, Dex+3}
rCold   . . .        (no shield)
rNeg    . . .        b - +0 robe
rPois   .            c - +0 hat
rElec   .            x - +1 cloak
rCorr   .            (no gloves)
SInv    .            (no boots)
Will    .....        (no amulet)
Stlth   ++           (no ring)
HPRegen 0.26/turn    (no ring)
MPRegen 0.17/turn

%: no passive effects
@: no status effects
A: no striking features
a: no special abilities


You were on level 4 of the Dungeon.
You visited 1 branch of the dungeon, and saw 4 of its levels.

You collected 163 gold pieces.

Inventory:

Hand Weapons
 q - the +2 whip of Woe (weapon) {venom, Dex+3}
   (You found it on level 2 of the Dungeon)

   Dex+3:     It affects your dexterity (+3).
 w - a +3 quarterstaff of chaos
Armour
 b - a +0 robe (worn)
 c - a +0 hat (worn)
 j - a +0 tower shield
 x - a +1 cloak (worn)
Magical Staves
 s - a staff of alchemy
Jewellery
 o - an amulet of faith
Wands
 v - a wand of flame (13)
Scrolls
 f - a scroll of acquirement {unknown}
 g - a scroll of poison {unknown}
 l - a scroll of brand weapon {unknown}
 m - 4 scrolls of identify {unknown}
 n - a scroll of blinking {unknown}
 p - a scroll of amnesia {unknown}
 r - 2 scrolls of noise {unknown}
Potions
 a - a potion of mutation {unknown}
 d - 2 potions of magic
 e - 2 potions of curing {unknown}
 h - a potion of attraction {unknown}
 i - a potion of lignification {unknown}
 k - a potion of enlightenment {unknown}
 t - 2 potions of brilliance {unknown}
 u - a potion of resistance {unknown}


   Skills:
 + Level 2.2 Fighting
 - Level 1.6 Armour
 - Level 3.0 Dodging
 - Level 3.0 Stealth
 - Level 1.0 Shields
 * Level 8.0 Spellcasting
 + Level 4.0 Conjurations
 - Level 1.1 Summonings
 - Level 1.1 Translocations
 - Level 1.0 Air Magic
 - Level 1.0 Alchemy
 - Level 1.0 Evocations


You had 14 spell levels left.
You knew the following spells:

 Your Spells              Type           Power      Damage    Failure   Level
a - Magic Dart            Conj           100%       1d8       1%          1
b - Mephitic Cloud        Conj/Alch/Air  17%        N/A       11%         3
c - Call Imp              Summ           26%        N/A       8%          2
d - Blink                 Tloc           26%        N/A       8%          2

Your spell library contained the following spells:

 Spells                   Type           Power      Damage    Failure   Level
 Slow                     Hex            32%        N/A       8%          1
 Cigotuvi's Dreadful Rot  Necr/Alch/Air  22%        N/A       9%          2
 Jinxbite                 Hex            16%        N/A       12%         2
 Call Canine Familiar     Summ           13%        N/A       16%         3
 Sigil of Binding         Hex            8%         N/A       24%         3
 Dimensional Bullseye     Hex/Tloc       5%         N/A       54%         4
 Yara's Violent Unravell  Hex/Alch       5%         3d4       87%         5
 Enfeeble                 Hex            4%         N/A       100%        7


Dungeon Overview and Level Annotations

Branches:
Dungeon (4/15)
 Temple: D:4-7

Altars:
Nemelex Xobeh
Beogh

Annotations:
D:4 3 runed translucent doors, Azoth's ghost, amateur DEBr


Message History

You swap places.
Your cerulean imp hits the elf skeleton with a -3 spear.
Your cerulean imp disappears in a puff of smoke!
You barely miss the elf skeleton.
The elf skeleton is moderately damaged.
The elf skeleton hits you.
* * * LOW HITPOINT WARNING * * *
Casting: Call Imp (safe; 8% risk of failure)
Confirm with . or Enter, or press ? or * to list all spells.
A tiny devil pulls itself out of the air.
The elf skeleton hits you.
* * * LOW HITPOINT WARNING * * *
Unknown command.
You hit the elf skeleton.
The elf skeleton is moderately damaged.
The elf skeleton hits you.
* * * LOW HITPOINT WARNING * * *
Your cerulean imp barely misses the elf skeleton.
Unknown command.
Your cerulean imp hits the elf skeleton with a -3 spear.
The elf skeleton hits you.
* * * LOW HITPOINT WARNING * * *
Unknown command.
You closely miss the elf skeleton.
The elf skeleton is heavily damaged.
Your cerulean imp closely misses the elf skeleton.
Unknown command.
You whack the elf skeleton!
The elf skeleton is heavily damaged.
The elf skeleton barely misses you.
Your cerulean imp hits the elf skeleton but does no damage.
You hit the elf skeleton.
The elf skeleton is severely damaged.
The elf skeleton closely misses you.
Your cerulean imp barely misses the elf skeleton.
You barely miss the elf skeleton.
The elf skeleton is severely damaged.
Your cerulean imp hits the elf skeleton with a -3 spear.
The elf skeleton hits you.
You die...

# #.# ..##.. #.# ....#o
#.# [..o#. #.# _.ß.#.
#.# [..o#. ####### #.##
....#o #.#.#.#
#J.###.#..##.. #'#'#'#
#......#..ß#o. #.'5Z@+
#..###.#..##.. ###...#
#.#.##.#ß..... #.'...+
#......####### #####'#+#
###.#### #..# #.'..[#
##.## #..##
#.#########.########....
#....†......##..........
##############.######.##
#.# #.##


You could see an elf skeleton (ally target) and a friendly cerulean imp
(summoned).

Vanquished Creatures
  Sigmund (D:2)
  An elf zombie (D:4)
  A scorpion (D:4)
  Crazy Yiuf (D:3)
  A bombardier beetle (D:4)
  An orc priest (D:4)
  An orc wizard (D:4)
  3 gnolls (D:4)
  8 adders
  2 ribbon worms
  5 dart slugs (D:1)
  7 orcs
  9 ball pythons
  A bat (D:2)
  6 endoplasms
  5 giant cockroaches
  7 goblins
  5 hobgoblins
  4 jackals (D:3)
  2 quokkas
  3 frilled lizards
  6 kobolds
  An orc skeleton (D:4)
  4 rats
85 creatures vanquished.

Vanquished Creatures (collateral kills)
  2 human skeletons (D:4)
  An orc skeleton (D:4)
3 creatures vanquished.

Grand Total: 88 creatures vanquished

Notes
Turn   | Place    | Note
-------+----------+-------------------------------------------
     0 | D:1      | pokeman the Deep Elf Hedge Wizard began the quest for the
                  | Orb.
     0 | D:1      | Reached XP level 1. HP: 10/10 MP: 7/7
   207 | D:1      | Reached XP level 2. HP: 16/16 MP: 5/9
   538 | D:1      | Reached skill level 5 in Spellcasting
   694 | D:1      | Reached XP level 3. HP: 20/20 MP: 8/11
   698 | D:1      | Learned a level 3 spell: Mephitic Cloud
   701 | D:1      | Learned a level 2 spell: Call Imp
   704 | D:1      | Learned a level 2 spell: Blink
  1050 | D:2      | Noticed Sigmund
  1069 | D:2      | Killed Sigmund
  1070 | D:2      | Reached skill level 1 in Fighting
  1070 | D:2      | Reached skill level 1 in Armour
  1070 | D:2      | Reached skill level 6 in Spellcasting
  1070 | D:2      | Reached XP level 4. HP: 25/26 MP: 8/14
  1070 | D:2      | Reached XP level 5. HP: 29/30 MP: 8/15
  1602 | D:2      | Identified the +2 whip of Woe {venom, Dex+3}
  2030 | D:3      | Reached XP level 6. HP: 35/35 MP: 14/17
  2305 | D:3      | Found a sparkling altar of Nemelex Xobeh.
  2605 | D:3      | Reached skill level 1 in Shields
  3154 | D:3      | Found a runed translucent door.
  3155 | D:3      | Noticed Crazy Yiuf
  3406 | D:3      | Killed Crazy Yiuf
  3407 | D:3      | Reached skill level 7 in Spellcasting
  3619 | D:4      | Reached skill level 1 in Air Magic
  3619 | D:4      | Reached skill level 1 in Evocations
  3640 | D:4      | Found a runed translucent gate.
  3641 | D:4      | Found a runed translucent gate.
  3641 | D:4      | Noticed Azoth's ghost (amateur DEBr)
  3642 | D:4      | Found a roughly hewn altar of Beogh.
  3642 | D:4      | Found a runed translucent gate.
  3643 | D:4      | Identified the +5 short sword of Etuzup {freeze, rN+}
  3686 | D:4      | Reached skill level 1 in Alchemy
  3693 | D:4      | Reached XP level 7. HP: 35/39 MP: 12/19
  3883 | D:4      | Reached skill level 8 in Spellcasting
  3905 | D:4      | HP: 2/40 [elf skeleton (2)]
  3909 | D:4      | Slain by an elf skeleton

Illustrated notes

Levels and vault maps discovered:
D:1:      onia_arrival_mini_maze_b, layout_basic, serial_bayou_crossing
D:2:      layout_rooms, serial_park_tiny_pond, corexii_hall_statues_i,
          minmay_diced_spiral, uniq_sigmund
D:3:      layout_loops_corners, mainiacjoe_overflow_paths,
          uniq_crazy_yiuf_cottage
D:4:      layout_loops_ring, minmay_temple_entry_junction,
          biasface_ghost_orc_armoury, nicolae_ossuary_entry_catacombs

Skill      XL: |  1  2  3  4  5  6  7 |
---------------+----------------------+-----
Spellcasting   | 5 6 7 8 |  8.0
Fighting       | 1 2 |  2.2
Armour         | 1 |  1.6
Conjurations   | 2 3 4 |  4.0
Shields        | 1 |  1.0
Dodging        | 3 |  3.0
Air Magic      | 1 |  1.0
Evocations     | 1 |  1.0
Stealth        | 3 |  3.0
Alchemy        | 1 |  1.0
Summonings     | |  1.1
Translocations | |  1.1

Action                     |  1- 3 |  4- 6 |  7- 9 || total
---------------------------+-------+-------+-------++-------
  Melee: Dagger            |    19 |     1 |       ||    20
         Whip              |       |    32 |    49 ||    81
   Cast: Magic Dart        |    44 |   121 |    26 ||   191
         Mephitic Cloud    |     2 |     6 |     1 ||     9
         Call Imp          |       |     1 |     3 ||     4
   Stab: Confused          |     3 |     7 |       ||    10
 Armour: Robe              |     9 |    23 |    28 ||    60
  Dodge: Dodged            |    14 |    24 |    36 ||    74

Table legend: (Time is in decaauts)
 A = Elapsed time spent in this place.
 B = Non-inter-level travel time spent in this place.
 C = Inter-level travel time spent in this place.
 D = Time resting spent in this place.
 E = Time spent auto-exploring this place.
 F = Levels seen in this place.
 G = Mean time per level.
                   A        B        C        D        E       F      G
               +--------+--------+--------+--------+--------+-----+--------+
         Total |   3931 |   3817 |    114 |    150 |   2887 |   4 |  982.8 |
       Dungeon |   3931 |   3817 |    114 |    150 |   2887 |   4 |  982.8 |
               +--------+--------+--------+--------+--------+-----+--------+

Top non-repeatable levels by time:
     D:3: 1487 daAuts
     D:1: 1163 daAuts
     D:2: 863 daAuts
     D:4: 416 daAuts
